 Dungeon Crawl Stone Soup version 0.30.0-10-gfe55d96785 (webtiles) character file.

Game seed: 16595239516000220349

113 Byczy the Chiller (level 4, 0/24 HPs)
             Began as a Deep Elf Ice Elementalist on May 15, 2023.
             Killed from afar by Terence (19 damage)
             ... with a bolt of dispelling energy
             ... on level 3 of the Dungeon.
             The game lasted 00:09:54 (2479 turns).

Byczy the Chiller (Deep Elf Ice Elementalist)       Turns: 2479, Time: 00:09:54

Health: 0/24       AC:  2    Str:  5    XL:     4   Next: 65%
Magic:  10/12      EV: 13    Int: 22    God:
Gold:   77         SH:  0    Dex: 15    Spells: 2/12 levels left

rFire   . . .        (no weapon)
rCold   + . .        (no shield)
rNeg    . . .        a - +0 robe
rPois   .            (no helmet)
rElec   .            (no cloak)
rCorr   .            (no gloves)
SInv    .            (no boots)
Will    .....        (no amulet)
Stlth   ++           i - ring of protection from cold
HPRegen 0.24/turn    (no ring)
MPRegen 0.13/turn

%: no passive effects
@: no status effects
A: no striking features
a: no special abilities


You were on level 3 of the Dungeon.
You visited 1 branch of the dungeon, and saw 3 of its levels.

You collected 77 gold pieces.

Inventory:

Armour
 a - a +0 robe (worn)
 f - a +0 helmet
Jewellery
 i - a ring of protection from cold (left hand)
Scrolls
 d - 4 scrolls of identify
 e - 2 scrolls of teleportation
 h - a scroll of fog
 j - a scroll of fear {unknown}
 k - a scroll of enchant armour {unknown}
Potions
 b - a potion of magic
 c - 2 potions of degeneration
 g - 3 potions of curing {unknown}


   Skills:
 + Level 0.1 Fighting
 + Level 2.8 Dodging
 + Level 2.6 Stealth
 + Level 4.9 Spellcasting
 + Level 5.5 Ice Magic


You had 2 spell levels left.
You knew the following spells:

 Your Spells              Type           Power      Damage    Failure   Level
a - Freeze                Ice            100%       1d10      1%          1
b - Magic Dart            Conj           20%        1d4       11%         1
c - Frozen Ramparts       Ice            58%        1d9       3%          3
d - Ozocubu's Armour      Ice            29%        N/A       3%          3
e - Call Imp              Summ           10%        N/A       16%         2

Your spell library contained the following spells:

 Spells                   Type           Power      Damage    Failure   Level
 Mephitic Cloud           Conj/Pois/Air  5%         N/A       30%         3
 Summon Ice Beast         Ice/Summ       17%        N/A       32%         4


Dungeon Overview and Level Annotations

Branches:
Dungeon (3/15)

Altars:
Elyvilon

Annotations:
D:3 Terence


Message History

You see here a rat corpse.
You see here a +0 pair of boots.
j - a scroll labelled QAONOX REUQE
Found 2 poisoned darts.
Found a ring mail.
You now have 77 gold pieces (gained 12).
You see here a +0 ring mail.
k - a scroll labelled ZASYCHONOT
Found 6 stones.
You see here 6 stones.
An adder comes into view.
An adder is nearby!
You freeze the adder!
You kill the adder!
Found a stone staircase leading down.
There is a stone staircase leading down here.
A hobgoblin comes into view.
You freeze the hobgoblin.
The hobgoblin is moderately wounded.
The hobgoblin misses you.
You miscast Freeze.
You are very lightly contaminated with residual magic.
Nothing appears to happen.
The hobgoblin barely misses you.
You freeze the hobgoblin!
You kill the hobgoblin!
Your magical contamination has completely faded away.
Found an escape hatch in the ceiling.
There is an escape hatch in the ceiling here.
Terence the Incautious comes into view.
He is wielding a +0 hand axe, wearing a +1 scale mail of fire resistance and carrying a wand of quicksilver (12).
Terence shouts!
Terence hits you with a +0 hand axe.
You freeze Terence!
Terence is heavily wounded.
Terence drinks a potion.
Terence seems to speed up.
You freeze Terence!
Terence is almost dead.
Terence zaps a wand.
The bolt of dispelling energy hits you!!
Ouch! That really hurt!
You die...

#.......##
#..###...######
########..# #....#...
......##..# ###..#.##
#####.##..#####.....# .#
#.##.........#..# # .#
#.....########..##.# .#
#.....<......#...#.#
.#####.#########@#.#>..#
.......# ......@.#.#.#.#
######## #########.#.#.#
....... ..#.# # #######
###.# # #.# # #.# # #.#
# #.#


You could see Terence (fast).

Vanquished Creatures
  An iguana (D:2)
  3 adders
  2 worms (D:2)
  2 dart slugs
  7 ball pythons
  An endoplasm (D:1)
  2 giant cockroaches
  5 goblins
  8 hobgoblins
  3 quokkas
  6 bats
  4 frilled lizards
  3 kobolds
  6 rats
53 creatures vanquished.

Vanquished Creatures (collateral kills)
  A ball python (D:3)
1 creature vanquished.

Grand Total: 54 creatures vanquished

Notes
Turn   | Place    | Note
-------+----------+-------------------------------------------
     0 | D:1      | Byczy the Deep Elf Ice Elementalist began the quest for the
                  | Orb.
     0 | D:1      | Reached XP level 1. HP: 10/10 MP: 6/6
   362 | D:1      | Reached XP level 2. HP: 14/15 MP: 4/8
   685 | D:1      | Reached skill level 5 in Ice Magic
   805 | D:1      | Reached XP level 3. HP: 19/19 MP: 6/10
  1031 | D:2      | Learned a level 1 spell: Magic Dart
  1035 | D:2      | Learned a level 3 spell: Frozen Ramparts
  1039 | D:2      | Learned a level 3 spell: Ozocubu's Armour
  1271 | D:2      | Reached XP level 4. HP: 20/24 MP: 6/12
  1416 | D:2      | Learned a level 2 spell: Call Imp
  2162 | D:3      | Found a white marble altar of Elyvilon.
  2476 | D:3      | Noticed Terence
  2479 | D:3      | Killed from afar by Terence

Illustrated notes

Levels and vault maps discovered:
D:1:      dpeg_arrival_castle, layout_loops_cross
D:2:      layout_basic, minmay_indecisive_spiral
D:3:      layout_basic, mainiacjoe_overflow_tiny_flanked, uniq_terence

Skill      XL: |  1  2  3 |
---------------+----------+-----
Ice Magic      | 5 |  5.5
Spellcasting   | 4 |  4.9
Fighting       | |  0.1
Dodging        | |  2.8
Stealth        | |  2.6

Action                     |  1- 3 |  4- 6 || total
---------------------------+-------+-------++-------
  Melee: Unarmed           |     1 |     2 ||     3
   Cast: Freeze            |    56 |    26 ||    82
         Frozen Ramparts   |     1 |     1 ||     2
         Call Imp          |       |     6 ||     6
         Ozocubu's Armour  |       |     1 ||     1
    Use: Scroll            |     3 |       ||     3
 Armour: Robe              |    11 |     3 ||    14
  Dodge: Dodged            |    24 |     8 ||    32
